 Dungeon Crawl Stone Soup version 0.29.1-2-gbd0b4ee654 (webtiles) character file.

Game seed: 14819105068642493345

1080 Avanven the Grappler (level 8, 0/79 HPs)
             Began as a Troll Delver on Nov 4, 2022.
             Engulfed by a cloud of steam (7 damage)
             ... on level 5 of the Dungeon.
             The game lasted 00:07:57 (3368 turns).

Avanven the Grappler (Troll Delver)                 Turns: 3368, Time: 00:07:58

Health: 0/79       AC:  5    Str: 23    XL:     8   Next: 8%
Magic:  7/7        EV:  9    Int:  6    God:
Gold:   173        SH:  0    Dex: 11    Spells: 7/7 levels left

rFire   . . .      SeeInvis .     - Unarmed
rCold   . . .      Faith    .   (no shield)
rNeg    . . .      Spirit   .   a - +1 robe
rPois   .          Reflect  .   (helmet restricted)
rElec   .          Harm     .   (no cloak)
rCorr   .          Rampage  .   (gloves unavailable)
Will    .....                   (boots unavailable)
Stlth   ++........              (no amulet)
HPRegen 1.03/turn               (no ring)
MPRegen 0.10/turn               (no ring)

@: hasted, very quick
A: large, unfitting armour, claws 3, regeneration 1, shaggy fur 1, tough skin 1
a: no special abilities


You were on level 5 of the Dungeon.
You visited 1 branch of the dungeon, and saw 5 of its levels.

You collected 173 gold pieces.

Inventory:

Armour
 a - a +1 robe (worn)
 h - the +1 hat "Qetu Imp" {rF- rN++ rCorr Dex+4}
   (You acquired it on level 3 of the Dungeon)

   Dex:       It affects your dexterity (+4).
   rF:        It makes you vulnerable to fire.
   rN:        It greatly protects you from negative energy.
   rCorr:     It protects you from acid and corrosion.
Jewellery
 g - a ring of ice
 v - an amulet of the acrobat
Wands
 f - a wand of digging (3)
 n - a wand of mindburst (4)
Scrolls
 b - a scroll of fog
 c - 3 scrolls of magic mapping
 d - 2 scrolls of fear
 i - a scroll of summoning
 j - a scroll of enchant armour
 k - a scroll of enchant weapon
 u - 4 scrolls of teleportation
Potions
 e - 3 potions of haste
 l - 2 potions of brilliance
 m - a potion of attraction {unknown}
 o - 4 potions of curing
 p - 3 potions of cancellation
 s - a potion of mutation {unknown}
 t - a potion of might {unknown}
 w - a potion of resistance {unknown}


   Skills:
 + Level 4.4 Fighting
 - Level 1.5 Dodging
 - Level 2.7 Stealth
 * Level 8.6 Unarmed Combat


You had 7 spell levels left.
You didn't know any spells.
Your spell library was empty.

Dungeon Overview and Level Annotations

Branches:
Dungeon (5/15)
 Temple: D:4-7

Altars:
Hepliaklqana
Trog

Shops:
D:1 (


Innate Abilities, Weirdness & Mutations

You are too large for most types of armour.
You have claws for hands.
Your natural rate of healing is unusually fast.
You are covered in fur. (AC +1)
You have tough skin. (AC +1)


Message History

You scratch the acid dragon.
The acid dragon is lightly wounded.
You claw the acid dragon!
The acid dragon is heavily wounded.
The acid dragon bites you.
The acid dragon claws you but does no damage.
You claw the acid dragon!
You kill the acid dragon!
The steam dragon bites you!
* * * LOW HITPOINT WARNING * * *
The steam dragon claws you but does no damage.
You scratch the steam dragon but do no damage.
The steam dragon bites you.
* * * LOW HITPOINT WARNING * * *
The steam dragon barely misses you.
You barely miss the steam dragon. You claw the steam dragon!
The steam dragon is heavily wounded.
The steam dragon breathes steam at you. The ball of steam hits you!
* * * LOW HITPOINT WARNING * * *
You hear a shout!
You feel better.
You are engulfed in a cloud of scalding steam.
* * * LOW HITPOINT WARNING * * *
You scratch the steam dragon. You claw the steam dragon.
The steam dragon is severely wounded.
You are engulfed in a cloud of scalding steam.
The steam dragon bites you.
* * * LOW HITPOINT WARNING * * *
The steam dragon barely misses you.
You claw the steam dragon!
You kill the steam dragon!
The steam dragon scales are intact enough to wear.
You are engulfed in a cloud of scalding steam.
* * * LOW HITPOINT WARNING * * *
You have reached level 8!
You feel better.
You are engulfed in a cloud of scalding steam.
You die...

################.####
.......# #.# ######.#
#.# ##.# #.# #.# ...#
#.# #÷# .#.# #.# #.#
.#<# #.# #w# #### #.#
#[# #.# #@# #.# #†#
#.# #§# #.# #§# #.#
#.# #.# #.#
#.#########.#
#...........#
###########.#


You could see a dart slug.

Vanquished Creatures
  A yak (D:5)
  A steam dragon (D:5)
  An acid dragon (D:5)
  A black bear (D:5)
  An ogre (D:4)
  A scorpion (D:4)
  3 hounds (D:5)
  2 orc priests (D:3)
  2 iguanas
  Jessica (D:3)
  An orc wizard (D:3)
  10 adders
  A shadow imp (D:5)
  2 ufetubi
  2 worms
  3 dart slugs
  6 orcs
  6 ball pythons
  3 bats
  5 endoplasms
  3 giant cockroaches
  5 goblins
  11 hobgoblins
  16 jackals
  3 kobolds
  4 quokkas
  5 frilled lizards
  9 rats
109 creatures vanquished.

Notes
Turn   | Place    | Note
-------+----------+-------------------------------------------
     0 | D:5      | Avanven the Troll Delver began the quest for the Orb.
     0 | D:5      | Reached XP level 1. HP: 22/22 MP: 0/0
     3 | D:5      | Noticed a yak
     3 | D:5      | Noticed a black bear
    26 | D:5      | Reached XP level 2. HP: 14/29 MP: 1/1
   143 | D:5      | Reached skill level 3 in Unarmed Combat
   143 | D:5      | Reached XP level 3. HP: 22/36 MP: 2/2
   223 | D:4      | Noticed an ogre
   302 | D:3      | Noticed Jessica
   306 | D:3      | Reached skill level 4 in Unarmed Combat
   308 | D:3      | Killed Jessica
   309 | D:3      | Reached XP level 4. HP: 44/44 MP: 3/3
   381 | D:3      | Reached skill level 5 in Unarmed Combat
   472 | D:3      | Reached XP level 5. HP: 40/50 MP: 4/4
   654 | D:2      | Identified the +0 scale mail of Temperance {rF+}
  1139 | D:1      | Found Ofagihuh's Antique Weapon Shoppe.
  1402 | D:1      | Found a faded altar of an unknown god.
  1785 | D:1      | Noticed a meteoran
  1785 | D:1      | Noticed a ghoul
  1787 | D:1      | Noticed a formicid
  1787 | D:1      | Noticed an octopode
  1789 | D:1      | Noticed a naga
  1789 | D:1      | Noticed a demigod
  1791 | D:1      | Noticed a demonspawn
  1793 | D:1      | Noticed a tengu
  1793 | D:1      | Noticed a gargoyle
  1795 | D:1      | Noticed a human
  1795 | D:1      | Noticed an elf
  1797 | D:1      | Noticed a meteoran
  1797 | D:1      | Noticed a draconian
  1799 | D:1      | Noticed a merfolk
  1799 | D:1      | Noticed a vampire
  1801 | D:1      | Noticed a minotaur
  1801 | D:1      | Noticed a troll
  1803 | D:1      | Noticed an ogre
  1803 | D:1      | Noticed a vine stalker
  1805 | D:1      | Noticed a formicid
  1805 | D:1      | Noticed a ghoul
  1807 | D:1      | Noticed a spriggan
  1809 | D:1      | Noticed a palentonga
  2164 | D:3      | Reached skill level 6 in Unarmed Combat
  2169 | D:3      | Reached XP level 6. HP: 26/59 MP: 5/5
  2403 | D:3      | Identified a scroll of acquirement
  2403 | D:3      | Acquired the +1 hat "Qetu Imp" {rF- rN++ rCorr Dex+4}
  2535 | D:4      | Found a hazy altar of Hepliaklqana.
  2535 | D:4      | Found a bloodstained altar of Trog.
  2688 | D:4      | Identified the +0 leather armour of Purpose {+Inv rPois
                  | Str+6}
  2887 | D:4      | Identified the +0 ring mail "Harph" {rElec rC+ rN+}
  2988 | D:4      | Reached skill level 7 in Unarmed Combat
  3309 | D:5      | Noticed a steam dragon
  3314 | D:5      | Noticed an acid dragon
  3332 | D:5      | Reached XP level 7. HP: 66/67 MP: 6/6
  3338 | D:5      | Killed a yak
  3357 | D:5      | Reached skill level 8 in Unarmed Combat
  3367 | D:5      | Killed a steam dragon
  3367 | D:5      | HP: 1/70 [something (4)]
  3368 | D:5      | Reached XP level 8. HP: 2/79 MP: 7/7
  3368 | D:5      | Engulfed by a cloud of steam

Illustrated notes

Levels and vault maps discovered:
D:1:      kb_arrival_jail, layout_loops_ring, serial_shops, shop,
          hellmonk_ecumenical_altar_run_dry
D:2:      kennysheep_six_static_rooms, layout_basic
D:3:      layout_basic, uniq_jessica
D:4:      layout_loops_ring, amethyst_overflow_temple_binary,
          minmay_pentomino_pile
D:5:      cheibrodos_fzero, layout_basic, minivault_4, uniq_prince_ribbit1

Skill      XL: |  1  2  3  4  5  6  7 |
---------------+----------------------+-----
Unarmed Combat | 3 4 5 6 7 8 |  8.6
Fighting       | 3 4 |  4.4
Dodging        | |  1.5
Stealth        | |  2.7

Action                   |  1- 3 |  4- 6 |  7- 9 || total
-------------------------+-------+-------+-------++-------
Melee: Unarmed           |    43 |   228 |    29 ||   300
       Punch             |       |     4 |     3 ||     7
  Use: Scroll            |       |    10 |       ||    10
       Potion            |       |     2 |     2 ||     4
 Stab: Sleeping          |       |     8 |       ||     8
Armor: Robe              |    14 |    90 |     5 ||   109
Dodge: Dodged            |    30 |   143 |     7 ||   180
